 Dungeon Crawl Stone Soup version 0.24.1-8-ga250c9d538 (webtiles) character file.

Game seed: 17107290113271073061, levelgen mode: deterministic

1573 Atelerd the Destroyer (level 8, -10/76 HPs)
             Began as an Octopode Wizard on May 7, 2020.
             Mangled by an ice beast (12 damage)
             ... on level 6 of the Dungeon.
             The game lasted 00:21:59 (6935 turns).

Atelerd the Destroyer (Octopode Wizard)             Turns: 6935, Time: 00:21:59

Health: -10/76     AC: 24    Str:  8    XL:     8   Next: 90%
Magic:  17/17      EV:  2    Int: 22    God:
Gold:   171        SH:  0    Dex: 11    Spells: 10/19 levels left

rFire    + + .     SeeInvis .   z - +5 war axe (freeze)
rCold    . . .     Gourm    .   (no shield)
rNeg     + + +     Faith    .   (helmet currently unavailable)
rPois    +         Spirit   .   (no amulet)
rElec    .         Reflect  .   d - ring of protection from fire
rCorr    .         Harm     .   B - ring of protection from fire
MR       .....     NoTele   +   (no ring)
Stlth    ++........             (no ring)
HPRegen  0.22/turn              (no ring)
MPRegen  0.15/turn              (no ring)
                                (no ring)
                                (no ring)

@: lethally poisoned (-10 -> -11), tree-form
A: almost no armour, stealthy swim, (amphibious), 8 rings, (constrict 8), robust
1, strong 1
a: no special abilities


You were on level 6 of the Dungeon.
You were not hungry.
You were a tree.
You visited 1 branch of the dungeon, and saw 6 of its levels.

You collected 201 gold pieces.
You spent 30 gold pieces at shops.

Inventory:

Hand Weapons
 f - a +0 dagger
 h - a +1 short sword of speed
 z - a +5 war axe of freezing (weapon)
Missiles
 A - 3 boomerangs of dispersal (quivered)
Armour
 a - a +0 hat (melded)
Jewellery
 d - a ring of protection from fire (left branch)
 B - a ring of protection from fire (right branch)
Wands
 r - a wand of flame (2)
 s - a wand of polymorph (4)
Scrolls
 b - 2 scrolls of fog
 e - 2 scrolls of magic mapping
 g - a scroll of amnesia {unknown}
 m - 3 scrolls of teleportation
 p - a scroll of enchant armour
 q - 4 scrolls of remove curse
 w - a scroll of enchant weapon
 y - 4 scrolls of immolation {unknown}
Potions
 i - a potion of magic
 j - a potion of agility
 o - a potion of ambrosia {unknown}
 t - a potion of flight {unknown}
 u - a potion of invisibility {unknown}
 x - a potion of brilliance {unknown}
Comestibles
 c - 8 rations
 v - a chunk of flesh


   Skills:
 + Level 0.4 Fighting
 + Level 2.1 Dodging
 - Level 2.6 Stealth
 + Level 6.3 Spellcasting
 * Level 8.7 Conjurations
   Level 1.0 Summonings
 - Level 1.0 Translocations
 - Level 2.0 Poison Magic


You had 10 spell levels left.
You knew the following spells:

 Your Spells              Type           Power        Failure   Level  Hunger
a - Magic Dart            Conj           ####         1%          1    None
b - Mephitic Cloud        Conj/Pois/Air  ###.....     6%          3    #......
c - Blink                 Tloc           N/A          9%          2    None
d - Conjure Flame         Conj/Fire      ####....     4%          3    #......

Your spell library contained the following spells:

 Spells                   Type           Power        Failure   Level  Hunger
 Beastly Appendage        Tmut           #.....       9%          1    None
 Call Imp                 Summ           ##......     9%          2    None
 Slow                     Hex            #.......     14%         2    None
 Sticks to Snakes         Tmut           #.......     14%         2    None
 Spider Form              Tmut/Pois      ##........   19%         3    #......
 Ice Form                 Ice/Tmut       #.......     65%         4    ###....
 Blade Hands              Tmut           #.........   94%         5    #####..


Dungeon Overview and Level Annotations

Branches:
Dungeon (6/15)
 Temple: D:4-7

Altars:
Ashenzari
Okawaru

Shops:
D:5 *

Annotations:
D:2 exclusion: downstairs
D:3 Grinder
D:4 exclusion: 2 downstairs


Innate Abilities, Weirdness & Mutations

You cannot wear most types of armour.
You are very stealthy in the water. (Stealth+)
((You are amphibious.))
You can wear up to eight rings at the same time.
((You can use your tentacles to constrict eight enemies at once.))
((Your skin changes colour to match your surroundings (Stealth+).))
((Your rubbery body absorbs attacks. (AC +1, EV +1)))
You are robust. (+10% HP)
Your muscles are strong. (Str +2)


Message History

Okay, then.
It was a potion of magic.
Magic courses through your body.
It was a potion of agility.
You feel agile all of a sudden.
It was a potion of cancellation.
Your magical effects are unravelling.
You feel magically purged.
You feel a little less agile now.
* * * LOW HITPOINT WARNING * * *
You feel sick.
Okay, then.
It was a potion of lignification.
You turn into a tree.
Your +0 hat melds into your body.
Your roots penetrate the ground.
The ice beast hits you but does no damage.
It was a potion of mutation.
You feel extremely strange.
You feel stronger.
You feel robust. The ice beast hits you.
* * * LOW HITPOINT WARNING * * *
The ice beast freezes you!
You die...

#....##.........)..#####
#..............).(.....#
###.....#..#...........#
#!...(##.###...........
#....(##.#............#
##.##.##...............
#...o###..............
###..Y###..........#.#
#...♣.#†..........
#.###.[.<......... #..
####......... #..#
.........# #.#
####......# #. ##..... #
..... ###


You could see an orc warrior and an ice beast.

Vanquished Creatures
  An orc warrior (D:6)
  A sky beast (D:5)
  2 ogres
  A phantom (D:4)
  A centaur (D:6)
  A bullfrog (D:6)
  2 scorpions (D:4)
  3 wights (D:5)
  A howler monkey (D:5)
  2 crimson imps
  2 jellies (D:2)
  2 orc priests
  A bullfrog skeleton (D:5)
  Ijyb (D:3)
  4 iguanas
  4 orc wizards
  2 worker ants
  A howler monkey skeleton (D:5)
  Robin (D:3)
  A gnoll (D:1)
  2 adders (D:2)
  A shadow imp (D:6)
  8 oozes (D:2)
  A worm (D:2)
  A dart slug (D:5)
  7 leopard geckos
  20 orcs
  3 giant cockroaches
  14 goblins
  9 hobgoblins
  16 jackals
  15 kobolds
  8 bats
  4 frilled lizards
  A quokka zombie (D:6)
  7 rats
151 creatures vanquished.

Vanquished Creatures (others)
  An orc (D:4)
  A leopard gecko skeleton (D:6)
  A plant (D:4)
  8 toadstools (D:2)
11 creatures vanquished.

Grand Total: 162 creatures vanquished

Notes
Turn   | Place    | Note
-------+----------+-------------------------------------------
     0 | D:1      | Atelerd the Octopode Wizard began the quest for the Orb.
     0 | D:1      | Reached XP level 1. HP: 11/11 MP: 4/4
   204 | D:1      | Reached XP level 2. HP: 7/17 MP: 4/6
   746 | D:2      | Reached skill level 2 in Conjurations
  1236 | D:1      | Reached XP level 3. HP: 21/21 MP: 3/7
  1241 | D:1      | Learned a level 3 spell: Mephitic Cloud
  1244 | D:1      | Learned a level 2 spell: Blink
  2077 | D:2      | Reached skill level 3 in Conjurations
  2163 | D:2      | Reached XP level 4. HP: 21/27 MP: 9/9
  2539 | D:2      | Learned a level 3 spell: Conjure Flame
  2586 | D:2      | Reached skill level 1 in Poison Magic
  2586 | D:2      | Reached XP level 5. HP: 29/31 MP: 3/10
  2871 | D:2      | Reached skill level 4 in Conjurations
  3102 | D:3      | Noticed Robin
  3253 | D:3      | Killed Robin
  3473 | D:3      | Noticed Ijyb
  3491 | D:3      | Killed Ijyb
  3491 | D:3      | Reached XP level 6. HP: 36/36 MP: 6/12
  3492 | D:3      | Noticed Grinder
  3497 | D:3      | Noticed Grinder
  3497 | D:3      | Grinder changed into Grinder the rust devil
  3624 | D:3      | Noticed Grinder
  3624 | D:3      | Grinder the rust devil changed into Grinder the hellwing
  4056 | D:4      | Reached skill level 5 in Conjurations
  4344 | D:4      | Noticed a phantom
  4401 | D:4      | Killed a phantom
  4401 | D:4      | Reached XP level 7. HP: 26/41 MP: 1/14
  4794 | D:4      | Reached skill level 6 in Conjurations
  4848 | D:4      | Reached skill level 5 in Spellcasting
  5140 | D:5      | Entered Level 5 of the Dungeon
  5252 | D:5      | Found Omuter's General Store.
  5270 | D:5      | Bought a scroll of identify for 30 gold pieces
  5411 | D:5      | Reached skill level 7 in Conjurations
  5411 | D:5      | Reached XP level 8. HP: 41/46 MP: 12/16
  6270 | D:5      | Found an iron altar of Okawaru.
  6270 | D:5      | Found a shattered altar of Ashenzari.
  6405 | D:6      | Reached skill level 8 in Conjurations
  6930 | D:6      | HP: 2/47 [poisoned by an orc]
  6935 | D:6      | Gained mutation: Your muscles are strong. (Str +2) [potion
                  | of mutation]
  6935 | D:6      | Gained mutation: You are robust. (+10% HP) [potion of
                  | mutation]
  6935 | D:6      | HP: 2/76 [ice beast (1)]
  6935 | D:6      | Mangled by an ice beast

Levels and vault maps discovered:
D:1:      roderic_octagonal_star, layout_basic
D:2:      cheibrodos_fertilizer, layout_loops_ring, first_ration,
          serial_bayou_pond_c
D:3:      layout_loops_cross, nicolae_ru_path_of_blood,
          minmay_stone_trees_small, uniq_robin, uniq_ijyb, uniq_grinder
D:4:      layout_loops_ring, chequers_big_river
D:5:      layout_cave_pools, gammafunk_temple_overflow_statue, serial_shops,
          nicolae_shop_waterfront, dk_vineyard_3, corner_web_ring,
          hangedman_decor_slide_cut
D:6:      layout_rooms, grunt_temple_overflow_growth_and_decay,
          kennysheep_little_box, uniq_eustachio

Skill      XL: |  1  2  3  4  5  6  7  8 |
---------------+-------------------------+-----
Conjurations   | 2 3 4 5 7 8 |  8.7
Poison Magic   | 1 2 |  2.0
Spellcasting   | 4 5 6 |  6.3
Fighting       | |  0.4
Dodging        | |  2.1
Stealth        | |  2.6
Summonings     | |  1.0
Translocations | |  1.0

Action                   |  1- 3 |  4- 6 |  7- 9 || total
-------------------------+-------+-------+-------++-------
Melee: Unarmed           |    15 |       |       ||    15
       Constrict         |    19 |    26 |    27 ||    72
       Tentacles         |     7 |    23 |    15 ||    45
       Short sword       |    52 |   145 |    52 ||   249
       Dagger            |     4 |       |       ||     4
       War axe           |       |       |    56 ||    56
 Cast: Magic Dart        |    42 |    48 |    74 ||   164
       Mephitic Cloud    |     3 |     9 |    17 ||    29
       Blink             |     1 |     6 |     1 ||     8
       Conjure Flame     |       |    11 |     2 ||    13
Evoke: Wand              |       |    12 |       ||    12
  Use: Potion            |     1 |       |     5 ||     6
       Scroll            |       |     3 |     3 ||     6
 Stab: Sleeping          |     9 |     2 |     2 ||    13
       Confused          |     2 |     4 |     6 ||    12
  Eat: Chunk             |     4 |     5 |     2 ||    11
       Ration            |       |     1 |     2 ||     3
Armor: Skin              |     7 |     5 |     3 ||    15
Dodge: Dodged            |    44 |    72 |    62 ||   178
